 Dungeon Crawl Stone Soup version 0.19.1 (webtiles) character file.

324 Gargo the Digger (level 6, -2/32 HPs)
             Began as a Gargoyle Earth Elementalist on Dec 16, 2016.
             Slain by an orc priest
             ... wielding a +0 hand axe
              (6 damage)
             ... on level 3 of the Dungeon.
             The game lasted 00:16:27 (2527 turns).

Gargo the Digger (Gargoyle Earth Elementalist)      Turns: 2527, Time: 00:16:27

Health: -2/32      AC:  8    Str: 11    XL:     6   Next: 48%
Magic:  10/13      EV: 12    Int: 18    God:
Gold:   136        SH:  0    Dex: 10    Spells: 2 memorised, 10 levels left

rFire  + . .     SeeInvis .     s - -1 dagger (curse)
rCold  + . .     Gourm    .     t - +1 animal skin
rNeg   + . .     Faith    .     (no shield)
rPois  ∞         Spirit   .     u - +0 helmet
rElec  +         Reflect  .     (no cloak)
rCorr  +         Harm     .     (no gloves)
MR     .....     Rnd*Tele +     (no boots)
Stlth  ++........               (no amulet)
                                (no ring)
                                l - ring of teleportation (curse)

@: resistant
A: negative energy resistance 1, electricity resistance, unbreathing,
petrification resistance, rot immunity, AC +4
a: no special abilities


You were on level 3 of the Dungeon.
You were not hungry.

You visited 1 branch of the dungeon, and saw 4 of its levels.

You collected 136 gold pieces.

Inventory:

Hand Weapons
 a - a +1 dagger of holy wrath
 j - a +0 club
 k - a +1 dagger of speed
 n - a +0 mace
 s - a cursed -1 dagger (weapon)
 x - a +1 dagger of venom
 y - a +2 whip of electrocution
 A - a +0 mace
 B - a cursed -2 mace
Missiles
 b - 58 stones (quivered)
 o - 10 poisoned needles
Armour
 c - a +0 robe
 r - a +2 buckler
 t - a +1 animal skin (worn)
 u - a +0 helmet (worn)
Jewellery
 l - a cursed ring of teleportation (left hand)
 w - a +3 ring of dexterity {unknown}
Scrolls
 i - 2 scrolls of identify
Potions
 f - 4 potions of might
 h - a potion of lignification {unknown}
 m - a potion of resistance
 p - 2 potions of heal wounds {unknown}
 q - 3 potions of brilliance
 z - a potion of flight {unknown}
Books
 e - a book of Geomancy

   Spells                             Type                      Level
   a - Sandblast                      Earth                        1
   b - Passwall                       Transmutation/Earth          2
   c - Stone Arrow                    Conjuration/Earth            3
   d - Petrify                        Transmutation/Earth          4
   e - Lee's Rapid Deconstruction     Earth                        5
Comestibles
 d - a bread ration
 g - 5 chunks of flesh
 v - 2 beef jerkies


   Skills:
 - Level 1.0 Short Blades
 - Level 1.5 Dodging
 - Level 2.1 Stealth
 * Level 4.6 Spellcasting
 + Level 2.5 Conjurations
   Level 0.7 Transmutations
 + Level 5.0 Earth Magic


You had 10 spell levels left.
You knew the following spells:

 Your Spells              Type           Power        Failure   Level  Hunger
a - Sandblast             Erth           ###...       1%          1    None
A - Stone Arrow           Conj/Erth      ###...       10%         3    ###....


Dungeon Overview and Level Annotations

Branches:
Dungeon (4/15)
 Temple: D:4-7

Altars:
Sif Muna

Annotations:
D:2 Terence
D:3 Grinder


Innate Abilities, Weirdness & Mutations

You are resistant to torment.
Your stone body is resilient. (AC +4)
You are immune to poison.
You resist negative energy. (rN+)
You are resistant to electric shocks. (rElec)
You can survive without breathing.
You are immune to petrification.
You are immune to rotting.


Message History

Confirm with . or Enter, or press ? or * to list all spells.
Aiming: Sandblast
Press: ? - help, Shift-Dir - straight line, f/p - orc
Aim: an orc, wearing a ring mail and wearing a dented emerald amulet The blast of sand hits the orc.
The orc priest calls down the wrath of Beogh upon you.
Beogh smites you!
Ouch! That really hurt!
* * * LOW HITPOINT WARNING * * *
Casting: Sandblast
Confirm with . or Enter, or press ? or * to list all spells.
Aiming: Sandblast
Press: ? - help, Shift-Dir - straight line, f/p - orc
Aim: an orc, wearing a ring mail and wearing a dented emerald amulet The blast of sand hits the orc.
The orc barely misses you.
It was a potion of resistance.
You feel protected. The orc completely misses you.
The orc priest hits you with a hand axe.
You die...

,***** *,.....,,,,*
**,,≈≈≈**,..
,**,,*****.....#****
**,≈≈,,**.##
,**,*,,,,,,....#
**,,,**#.,,
,..***,,,,,..oo#
*******.,**
,.,,*,,,***#.#.#
*,,,,,..***
.#**,**,* #.#.#
***,,##** * .#
*,**,* #>#.## *,,* *
.#**,**,*
#...o#########,,* *
.##.,,*,*
#...o@(.......,,* *
....,,*,*
##.(.#########*,*
..#.,,*,* ##.## *,*
*,*****,* #.# *,*
*,* *,* #.# *,* *,*
*,* #.# *,* *,* *,*
####.# *,* #.##***,*
#....# *,* ....,,,,*
#.#### #.#


You could see an orc priest and an orc.

Vanquished Creatures
  An orc wizard (D:4)
  Jessica (D:2)
  Natasha (thrice) (D:2)
  A worker ant (D:3)
  Robin (D:3)
  4 gnolls (D:2)
  4 adders
  An ooze (D:2)
  A worm (D:4)
  2 dart slugs
  5 orcs
  3 giant cockroaches
  12 goblins
  7 hobgoblins
  4 jackals (D:2)
  3 ball pythons
  8 bats
  4 frilled lizards
  8 kobolds
  2 rats
75 creatures vanquished.

Notes
Turn   | Place    | Note
-------+----------+-------------------------------------------
     0 | D:1      | Gargo the Gargoyle Earth Elementalist began the quest for the Orb.
     0 | D:1      | Reached XP level 1. HP: 10/10 MP: 3/3
   338 | D:1      | Reached skill level 4 in Earth Magic
   338 | D:1      | Reached XP level 2. HP: 15/15 MP: 3/5
   795 | D:2      | Reached XP level 3. HP: 19/19 MP: 4/7
   800 | D:2      | Learned a level 3 spell: Stone Arrow
   835 | D:2      | Noticed Natasha
   838 | D:2      | Killed Natasha
   838 | D:2      | Reached XP level 4. HP: 18/24 MP: 1/8
   856 | D:2      | Noticed Jessica
   869 | D:2      | Killed Jessica
   869 | D:2      | Reached skill level 1 in Short Blades
  1001 | D:2      | Noticed Natasha
  1005 | D:2      | Reached skill level 1 in Conjurations
  1009 | D:2      | Reached XP level 5. HP: 17/28 MP: 1/10
  1021 | D:2      | Killed Natasha
  1117 | D:2      | Noticed Natasha
  1122 | D:2      | Killed Natasha
  1227 | D:3      | Noticed Robin
  1281 | D:2      | Noticed Terence
  1441 | D:2      | Found a deep blue altar of Sif Muna.
  1709 | D:3      | Killed Robin
  1922 | D:3      | Reached skill level 5 in Earth Magic
  1922 | D:3      | Reached XP level 6. HP: 27/32 MP: 8/12
  2090 | D:3      | Noticed Grinder
  2197 | D:3      | Paralysed by Grinder for 6 turns
  2527 | D:3      | Slain by an orc priest

Skill      XL: |  1  2  3  4  5 |
---------------+----------------+-----
Earth Magic    | 4 5 |  5.0
Spellcasting   | 3 4 |  4.6
Short Blades   | 1 |  1.0
Conjurations   | 1 2 |  2.5
Dodging        | |  1.5
Stealth        | |  2.1
Transmutations | |  0.7

Action                   |  1- 3 |  4- 6 || total
-------------------------+-------+-------++-------
Melee: Club              |    10 |       ||    10
       Dagger            |     3 |    45 ||    48
 Cast: Sandblast         |    36 |    92 ||   128
       Stone Arrow       |       |     7 ||     7
  Use: Scroll            |       |     6 ||     6
       Potion            |       |     1 ||     1
 Stab: Sleeping          |     2 |     5 ||     7
  Eat: Chunk             |       |     6 ||     6
Armor: Robe              |     8 |    12 ||    20
       Animal skin       |       |    20 ||    20
Dodge: Dodged            |    22 |    60 ||    82
